 Dungeon Crawl Stone Soup version 0.31-a0-609-g7bf6ffcfed (webtiles) character file.

Game seed: 17504121593938380165

17477 Midn8 the Fighter (level 12, -2/94 HPs)
             Began as a Djinni Necromancer on Aug 21, 2023.
             Was a High Priest of Makhleb.
             Killed from afar by an ice statue (20 damage)
             ... with a bolt of cold
             ... on level 2 of the Lair of Beasts.
             The game lasted 00:48:58 (12455 turns).

Midn8 the Fighter (Djinni Necromancer)             Turns: 12455, Time: 00:48:59

Health: -2/94      AC: 13    Str:  7    XL:     12   Next: 83%
Gold:   696        EV: 13    Int: 23    God:    Makhleb [*****.] SH:  0 Dex: 16

rFire   + . .        n - +1 quarterstaff
rCold   . . .        (shield currently unavailable)
rNeg    . . .        u - +2 robe "Zoatt" {Int+3}
rPois   ∞            H - +1 helmet
rElec   .            (no cloak)
rCorr   .            G - +2 pair of gloves
SInv    .            (boots unavailable)
Will    +....        v - amulet of faith
Stlth   ++           p - +4 ring of protection
HPRegen 0.35/turn    y - ring of ice
MPRegen 0.00/turn

%: faith, infuse magic (-3 HP)
@: flying
A: sickness immunity, fire resistance 2, cold vulnerability 1, float, innate
caster, HP casting, extra vitality 1
a: Renounce Religion, Minor Destruction, Lesser Servant of Makhleb, Major
Destruction, Greater Servant of Makhleb


You were on level 2 of the Lair of Beasts.
You worshipped Makhleb.
Makhleb was extremely pleased with you.
You visited 3 branches of the dungeon, and saw 13 of its levels.
You also visited: Bailey.

You collected 696 gold pieces.

Inventory:

Hand Weapons
 b - a +0 war axe
 d - a +2 short sword of speed
 n - a +1 quarterstaff (weapon)
 P - the +11 hand axe of Quliw {distort, rElec rPois}
   (You found it on level 10 of the Dungeon)

   rElec:     It insulates you from electricity.
   rPois:     It protects you from poison
Missiles
 f - 7 poisoned darts
 K - 4 javelins
Armour
 a - a +0 robe
 u - the +2 robe "Zoatt" (worn) {Int+3}
   (You found it on level 4 of the Dungeon)

   Int+3:     It affects your intelligence (+3).
 x - +0 steam dragon scales
 G - a +2 pair of gloves (worn)
 H - a +1 helmet (worn)
Jewellery
 p - a +4 ring of protection (left hand)
 t - a ring of positive energy
 v - an amulet of faith (around neck)
 y - a ring of ice (right hand)
 F - a ring of wizardry
 M - a ring of willpower
Talismans
 c - a beast talisman
Wands
 D - a wand of charming (13)
 E - a wand of acid (4)
 L - a wand of flame (14)
Scrolls
 e - a scroll of noise
 g - a scroll of teleportation
 k - a scroll of revelation {unknown}
 o - a scroll of poison {unknown}
 r - 2 scrolls of blinking
 s - 2 scrolls of vulnerability {unknown}
 w - 3 scrolls of enchant weapon
 A - 3 scrolls of fog
 C - a scroll of silence {unknown}
 I - a scroll of immolation {unknown}
 R - a scroll of fear {unknown}
Potions
 h - a potion of mutation
 i - a potion of resistance
 j - 4 potions of haste
 l - 3 potions of magic
 m - a potion of attraction
 q - 2 potions of brilliance
 z - 4 potions of curing
 B - a potion of might
 N - a potion of ambrosia
 O - a potion of lignification
 Q - a potion of cancellation {unknown}


   Skills:
 - Level 11.0 Fighting
 - Level 3.8 Staves
 - Level 4.0 Dodging
 - Level 1.5 Stealth
 - Level 11.0 Spellcasting
 - Level 11.0 Conjurations
 - Level 11.0 Hexes
 - Level 11.0 Summonings
 - Level 11.0 Necromancy
 - Level 11.0 Translocations
 - Level 11.0 Transmutations
 - Level 11.0 Fire Magic
 - Level 11.0 Ice Magic
 - Level 11.0 Air Magic
 - Level 11.0 Earth Magic
 - Level 11.0 Poison Magic
 - Level 5.0 Invocations
 + Level 6.6 Evocations


You knew the following spells:

 Your Spells              Type           Power      Damage    Failure   Level
a - Necrotise             Necr           100%       1d9       1%          1
c - Confusing Touch       Hex            58%        N/A       1%          3
d - Animate Dead          Necr           58%        N/A       1%          4
g - Agony                 Necr           58%        N/A       1%          5
p - Apportation           Tloc           100%       N/A       1%          1
r - Summon Guardian Gole  Hex/Summ       58%        N/A       1%          3
s - Static Discharge      Conj/Air       100%       2-7/arc   1%          2
v - Vampiric Draining     Necr           58%        2d10      1%          3
w - Flame Wave            Conj/Fire      58%        2d14      1%          4
Your spell library was empty.

Dungeon Overview and Level Annotations

Branches:
Dungeon (10/15)            Temple (1/1) D:4            Lair (2/5) D:8
  Snake (0/4) Lair:2       Bailey (visited)
  Swamp: Lair:2-3    Shoals: Lair:2-3       Orc: D:9-12

Altars:
Ashenzari
Cheibriados
Dithmenos
Elyvilon
Fedhas
Gozag
Hepliaklqana
Makhleb
Nemelex Xobeh
Okawaru
Qazlal
Ru
Trog
Uskayaw
Wu Jian
Xom
Yredelemnul
Zin
The Shining One

Annotations:
D:2 1 runed translucent door, Crazy Yiuf, Sigmund
D:4 Menkaure
D:8 1 transporter, dxb338's ghost, novice FeSh
Lair:2 exclusion: ice statue


Innate Abilities, Weirdness & Mutations

You are immune to sickness and miasma.
You are immune to poison.
Your flesh is very heat resistant. (rF++)
You are vulnerable to cold. (rC-)
You float through the air rather than walking.
You learn spells naturally, not from books.
Your magical power is your life essence.
You have superior vitality. (+4 MHP)


Message History

Press: ? - help, Dir - look around, f - activate A wave of flame ripples out!
The flame wave engulfs the ice statue.
The ice statue melts!
The ice statue is lightly damaged. (Press . to intensify the flame waves.) Unknown command.
A wave of flame ripples out!
The flame wave engulfs the ice statue!
The ice statue melts!
The ice statue is lightly damaged.
A wave of flame ripples out!
The flame wave engulfs the ice statue.
The ice statue melts!
The ice statue is moderately damaged.
You finish channelling waves of flame.
The ice statue gestures at you. The shard of ice hits you!!
* * * LOW HITPOINT WARNING * * *
Casting: Flame Wave (mildly dangerous; 1% risk of failure)
Confirm with . or Enter, or press ? or * to list all spells.
Casting: Flame Wave (mildly dangerous; 1% risk of failure)
Press: ? - help, Dir - look around, f - activate A wave of flame ripples out!
The flame wave engulfs the ice statue!!
The ice statue melts!
The ice statue is heavily damaged. (Press . to intensify the flame waves.)
* * * LOW HITPOINT WARNING * * *
A wave of flame ripples out!
The flame wave engulfs the ice statue but does no damage.
The ice statue is heavily damaged.
* * * LOW HITPOINT WARNING * * *
The ice statue is engulfed in a cloud of scalding steam.
Unknown command.
A wave of flame ripples out!
The flame wave engulfs the ice statue.
The ice statue melts!
The ice statue is severely damaged.
* * * LOW HITPOINT WARNING * * *
You finish channelling waves of flame.
The ice statue is engulfed in a cloud of scalding steam.
The ice statue gestures at you. The bolt of cold hits you!!
You die...

≈... ≈# ## # ######
## ##~[)=# ≈###
##≈~|:=# ≈≈≈##
#§§§§..# ≈≈≈≈####
##§§§..# #≈≈≈≈≈≈##
###≈§§@8#
##≈≈≈≈≈≈###≈≈≈§§###
###≈≈≈≈≈≈≈≈≈≈§##
###≈≈≈≈≈≈≈###
###≈≈≈### #####


You could see an ice statue.

Vanquished Creatures
  2 catoblepae
  3 two-headed ogres
  Pikel (D:4)
  2 orc knights (Bailey)
  A salamander (Lair:2)
  3 cane toads
  A rime drake (Lair:1)
  3 komodo dragons
  2 trolls
  Prince Ribbit (D:8)
  8 blink frogs
  12 yaks
  A shadow (D:10)
  4 basilisks
  A wraith (D:10)
  5 wyverns
  A steam dragon (D:9)
  An acid dragon (D:10)
  6 water moccasins
  4 orc warriors
  Pargi (D:3)
  A black bear (D:6)
  A sky beast (D:6)
  4 ogres
  10 wolves (Lair:1)
  4 centaurs
  3 phantoms
  7 bullfrogs
  2 gnoll sergeants
  5 scorpions
  A wight (D:8)
  3 killer bees (D:9)
  2 howler monkeys
  4 lava snakes (Lair:2)
  3 crimson imps (D:3)
  3 orc priests
  4 hounds
  A sleepcap (D:4)
  3 iguanas
  2 gnoll boudas (D:8)
  3 orc wizards
  24 gnolls
  6 adders
  An ufetubus (D:5)
  3 worms
  2 dart slugs
  17 orcs
  7 ball pythons
  5 bats
  7 endoplasms
  20 goblins
  10 hobgoblins
  3 jackals (D:2)
  5 quokkas
  6 frilled lizards
  8 kobolds
  4 rats
  A rat zombie (D:8)
258 creatures vanquished.

Vanquished Creatures (collateral kills)
  3 wights (D:9)
  An orc wizard (D:9)
  3 gnolls
  An orc (D:9)
  A jackal (D:2)
  A rat (D:2)
10 creatures vanquished.

Vanquished Creatures (others)
  An orc warrior (D:9)
  A wyvern zombie (D:9)
  A scorpion (D:6)
  An orc wizard (D:9)
  8 gnoll zombies
12 creatures vanquished.

Grand Total: 280 creatures vanquished

Notes
Turn   | Place    | Note
-------+----------+-------------------------------------------
     0 | D:1      | Midn8 the Djinni Necromancer began the quest for the Orb.
     0 | D:1      | Midn8 set off with the following spells memorised:
                  | Necrotise, Vampiric Draining, Animate Dead, Agony.
     0 | D:1      | Reached XP level 1. HP: 15/15 MP: 0/0
    28 | D:1      | Reached skill level 1 in Fighting
   103 | D:1      | Reached XP level 2. HP: 17/22 MP: 0/0
   795 | D:1      | Reached XP level 3. HP: 26/28 MP: 0/0
   795 | D:1      | Learned a level 1 spell: Apportation
  1252 | D:2      | Noticed Sigmund
  1443 | D:2      | Reached XP level 4. HP: 30/33 MP: 0/0
  1962 | D:2      | Found a runed translucent door.
  1963 | D:2      | Noticed Crazy Yiuf
  2320 | D:3      | Noticed Pargi
  2415 | D:3      | Found a shimmering altar of Xom.
  2478 | D:3      | Reached XP level 5. HP: 28/38 MP: 0/0
  2478 | D:3      | Learned a level 2 spell: Static Discharge
  2703 | D:3      | Reached skill level 5 in Spellcasting
  2703 | D:3      | Reached skill level 5 in Conjurations
  2703 | D:3      | Reached skill level 5 in Hexes
  2703 | D:3      | Reached skill level 5 in Summonings
  2703 | D:3      | Reached skill level 5 in Necromancy
  2703 | D:3      | Reached skill level 5 in Translocations
  2703 | D:3      | Reached skill level 5 in Transmutations
  2703 | D:3      | Reached skill level 5 in Fire Magic
  2703 | D:3      | Reached skill level 5 in Ice Magic
  2703 | D:3      | Reached skill level 5 in Air Magic
  2703 | D:3      | Reached skill level 5 in Earth Magic
  2703 | D:3      | Reached skill level 5 in Poison Magic
  2703 | D:3      | Reached XP level 6. HP: 45/45 MP: 0/0
  2873 | D:3      | Found a faded altar of an unknown god.
  3355 | D:4      | Found a staircase to the Ecumenical Temple.
  3379 | Temple   | Entered the Ecumenical Temple
  3428 | Temple   | Became a worshipper of Makhleb the Destroyer
  3459 | D:4      | Identified the +2 robe "Zoatt" {Int+3}
  3741 | D:4      | Noticed Pikel
  3748 | D:4      | Killed Pikel
  3749 | D:4      | Reached skill level 5 in Fighting
  3749 | D:4      | Reached XP level 7. HP: 51/54 MP: 0/0
  3749 | D:4      | Learned a level 3 spell: Confusing Touch
  3947 | D:4      | Noticed Menkaure
  4189 | D:3      | Killed Pargi
  4190 | D:3      | Reached XP level 8. HP: 50/59 MP: 0/0
  4274 | D:5      | Entered Level 5 of the Dungeon
  4335 | D:5      | Found a sacrificial altar of Ru.
  5131 | D:5      | Found a glowing silver altar of Zin.
  5137 | D:5      | Found a bloodstained altar of Trog.
  5271 | D:6      | Found a blossoming altar of Fedhas.
  5303 | D:6      | Reached XP level 9. HP: 64/67 MP: 0/0
  5303 | D:6      | Learned a level 3 spell: Summon Guardian Golem
  5497 | D:6      | Found a basalt altar of Yredelemnul.
  6114 | D:7      | Reached * piety under Makhleb
  7232 | D:8      | Noticed Prince Ribbit
  7232 | D:8      | Noticed a two-headed ogre
  7286 | D:8      | Found a staircase to the Lair.
  7309 | D:8      | Reached XP level 10. HP: 59/75 MP: 0/0
  7465 | D:8      | Killed Prince Ribbit
  7496 | D:8      | Killed a two-headed ogre
  7717 | D:8      | Identified the +10 dire flail "Gilouxaj" {antimagic, rElec
                  | Int+3 Dex-5}
  7717 | D:8      | Noticed a two-headed ogre
  7718 | D:8      | Noticed dxb338's ghost (novice FeSh)
  7719 | D:8      | Found a transporter.
  7764 | D:8      | Found a shadowy altar of Dithmenos.
  7767 | D:8      | Reached skill level 5 in Evocations
  8049 | D:8      | Found an iron altar of Okawaru.
  8051 | D:8      | Reached ** piety under Makhleb
  8319 | D:8      | Reached skill level 1 in Invocations
  8731 | D:9      | Noticed a two-headed ogre
  8745 | D:9      | Killed a two-headed ogre
  8746 | D:9      | Reached skill level 5 in Invocations
  8863 | D:9      | Reached XP level 11. HP: 69/81 MP: 0/0
  8863 | D:9      | Learned a level 4 spell: Flame Wave
  9309 | D:10     | Entered Level 10 of the Dungeon
  9497 | D:10     | Reached skill level 1 in Staves
  9501 | D:10     | Reached *** piety under Makhleb
  9576 | D:10     | Found a flagged portal.
  9580 | D:10     | Noticed a two-headed ogre
  9589 | D:10     | Killed a two-headed ogre
  9594 | D:10     | Identified the +11 hand axe of Quliw {distort, rElec rPois}
  9598 | Bailey   | Entered a bailey
  9852 | Bailey   | Noticed an orc knight
  9863 | Bailey   | Killed an orc knight
  9981 | Bailey   | Noticed an orc knight
  9989 | Bailey   | Noticed an orc knight
  9994 | Bailey   | Killed an orc knight
  9995 | Bailey   | Noticed an orc knight
 10196 | Lair:1   | Entered Level 1 of the Lair of Beasts
 10243 | Lair:1   | Reached skill level 10 in Fighting
 10289 | Lair:1   | Reached **** piety under Makhleb
 10580 | Lair:1   | Reached XP level 12. HP: 91/94 MP: 0/0
 10893 | Lair:1   | Reached skill level 10 in Spellcasting
 10893 | Lair:1   | Reached skill level 10 in Conjurations
 10893 | Lair:1   | Reached skill level 10 in Hexes
 10893 | Lair:1   | Reached skill level 10 in Summonings
 10893 | Lair:1   | Reached skill level 10 in Necromancy
 10893 | Lair:1   | Reached skill level 10 in Translocations
 10893 | Lair:1   | Reached skill level 10 in Transmutations
 10893 | Lair:1   | Reached skill level 10 in Fire Magic
 10893 | Lair:1   | Reached skill level 10 in Ice Magic
 10893 | Lair:1   | Reached skill level 10 in Air Magic
 10893 | Lair:1   | Reached skill level 10 in Earth Magic
 10893 | Lair:1   | Reached skill level 10 in Poison Magic
 10911 | Lair:1   | Noticed a catoblepas
 10925 | Lair:1   | Killed a catoblepas
 11336 | Lair:2   | Noticed a catoblepas
 11348 | Lair:2   | Killed a catoblepas
 11768 | Lair:2   | Reached ***** piety under Makhleb
 12042 | Lair:2   | Found a staircase to the Snake Pit.
 12455 | Lair:2   | Killed from afar by an ice statue

Illustrated notes

Levels and vault maps discovered:
D:1:      minmay_arrival_plants_in_alcoves, layout_basic
D:2:      kennysheep_six_static_rooms, layout_basic, basic_altar,
          minmay_tiny_reverse_x, uniq_crazy_yiuf_cottage, uniq_sigmund
D:3:      kennysheep_big_flooded_room, layout_loops_cross, led_xom_imps,
          hellmonk_ecumenical_altar_slurped_away, uniq_pargi
D:4:      layout_gridville, minmay_temple_entry_large_hall, uniq_menkaure,
          uniq_pikel
D:5:      layout_gridville, lemuel_tele_altar, minitemple, grunt_ministairs_2,
          corexii_item_surrounded_by_moat
D:6:      layout_cave_pools, mainiacjoe_overflow_boulevard, fedhas_altar_3,
          kennysheep_potato
D:7:      layout_cave_pods
D:8:      layout_loops_ring, mainiacjoe_overflow_catwalk,
          lemuel_zombie_altar_kikubaaqudgha, okawaru_altar_gauntlet_db,
          dpeg_oklobed_lair, gammafunk_ghost_smash, uniq_prince_ribbit1
D:9:      layout_cave_pools, nicolae_sif_muna_little_library, minmay_checkerbox
D:10:     layout_rooms, enter_bailey_2, kennysheep_generic_room_12
Temple:   chequers_temple_sunken
Lair:1:   layout_chaotic_city, chequers_serial_rivers_large_b,
          grunt_megastairs_1
Lair:2:   statuecave_lemuel, layout_regular_city,
          nicolae_snake_entry_warm_welcome, chequers_serial_rivers_micro_b

Skill      XL: |  1  2  3  4  5  6  7  8  9 10 11 12 |
---------------+-------------------------------------+-----
Fighting       | 1 2 5 6 7 11 | 11.0
Spellcasting   | 4 5 6 7 8 9 11 | 11.0
Conjurations   | 4 5 6 7 8 9 11 | 11.0
Hexes          | 4 5 6 7 8 9 11 | 11.0
Summonings     | 4 5 6 7 8 9 11 | 11.0
Necromancy     | 4 5 6 7 8 9 11 | 11.0
Translocations | 4 5 6 7 8 9 11 | 11.0
Transmutations | 4 5 6 7 8 9 11 | 11.0
Fire Magic     | 4 5 6 7 8 9 11 | 11.0
Ice Magic      | 4 5 6 7 8 9 11 | 11.0
Air Magic      | 4 5 6 7 8 9 11 | 11.0
Earth Magic    | 4 5 6 7 8 9 11 | 11.0
Poison Magic   | 4 5 6 7 8 9 11 | 11.0
Dodging        | 4 |  4.0
Evocations     | 5 6 |  6.6
Invocations    | 5 |  5.0
Staves         | 3 |  3.8
Stealth        | |  1.5

Action                     |  1- 3 |  4- 6 |  7- 9 | 10-12 || total
---------------------------+-------+-------+-------+-------++-------
  Melee: Short sword       |     3 |    54 |    15 |    42 ||   114
         Quarterstaff      |       |    83 |       |    68 ||   151
         Punch             |       |     1 |     2 |       ||     3
   Cast: Necrotise         |    66 |    72 |    89 |   118 ||   345
         Vampiric Draining |       |     5 |    62 |   183 ||   250
         Static Discharge  |       |       |    10 |       ||    10
         Animate Dead      |       |       |     2 |     2 ||     4
         Summon Guardian G |       |       |     1 |     1 ||     2
         Flame Wave        |       |       |       |    26 ||    26
         Agony             |       |       |       |     4 ||     4
 Invoke: Minor Destruction |       |       |       |     3 ||     3
    Use: Scroll            |       |     7 |       |    17 ||    24
         Potion            |       |       |       |     1 ||     1
   Stab: Sleeping          |       |       |     2 |     1 ||     3
 Armour: Robe              |     2 |    50 |    32 |   105 ||   189
  Dodge: Dodged            |     3 |    98 |    41 |   190 ||   332
   Form: Beast             |     1 |       |       |       ||     1
                           |       |       |     1 |       ||     1

Table legend: (Time is in decaauts)
 A = Elapsed time spent in this place.
 B = Non-inter-level travel time spent in this place.
 C = Inter-level travel time spent in this place.
 D = Time resting spent in this place.
 E = Time spent auto-exploring this place.
 F = Levels seen in this place.
 G = Mean time per level.
                   A        B        C        D        E       F      G
               +--------+--------+--------+--------+--------+-----+--------+
         Total |  13070 |  12385 |    685 |   2982 |   6804 |  14 |  933.6 |
       Dungeon |  10323 |   9653 |    670 |   1961 |   5718 |  10 | 1032.3 |
        Temple |     63 |     63 |      0 |      0 |      0 |   1 |   63.0 |
          Lair |   2258 |   2243 |     15 |    735 |   1086 |   2 | 1129.0 |
        Bailey |    424 |    424 |      0 |    286 |      0 |   1 |  424.0 |
               +--------+--------+--------+--------+--------+-----+--------+

Top non-repeatable levels by time:
     D:7: 1554 daAuts
     D:3: 1220 daAuts
     D:8: 1213 daAuts
     D:2: 1164 daAuts
     D:9: 1147 daAuts
  Lair:1: 1132 daAuts
  Lair:2: 1126 daAuts
     D:1: 1111 daAuts
     D:5: 991 daAuts
     D:4: 900 daAuts
     D:6: 692 daAuts
  Bailey: 424 daAuts
    D:10: 326 daAuts
  Temple: 63 daAuts
